 Dungeon Sprint DCSS version 0.32-a0-799-g95e1662365 (webtiles) character file.

Game seed: 16788831123541467517

208082 garrulousMonolith the End of an Era (level 19, -23/183 (189) HPs)
             Began as a Formicid Fighter on Mar 21, 2024.
             Was the Champion of Qazlal.
             Annihilated by Cerebov
             ... wielding the +6 sword of Cerebov {flame}
              (28 damage)
             ... in the Dungeon (Sprint V: "Ziggurat Sprint").
             The game lasted 00:17:06 (3402 turns).

garrulousMonolith the End of an Era (FoFi)          Turns: 3402, Time: 00:17:07

HP:   -23/183 (189) AC: 44    Str: 27    XL:     19   Next: 95%
MP:   42/42         EV: 16    Int: 16    God:    Qazlal [******]
Gold: 0             SH: 49    Dex: 17    Spells: 57/57 levels left

rFire   + . .        s - +16 consecrated labrys {holy, Valiant ^Fragile Fly SInv}
rCold   + + .        B - +18 shield of the Gong {Loud rN+ Will+ rCorr EV-5}
rNeg    + . .        b - +12 gold dragon scales
rPois   +            (helmet unavailable)
rElec   .            a - +1 cloak of Starlight {*Dazzle EV+4 Stlth--}
rCorr   +            U - +2 pair of gloves {hurl}
SInv    +            (no boots)
Will    ++...        J - amulet of reflection Stlth
                     P - ring "Xijeiw" {rC+ Dex+4}
HPRegen 0.50/turn    w - +6 ring of strength
MPRegen 0.28/turn

%: repel missiles, reflection
@: fire vulnerable, protected from fire, flying, glowing, studying 3 skills,
silenced, lightly drained
A: permanent stasis, dig shafts and tunnels, antennae 3, four strong arms
a: Dig, Renounce Religion


You were in the Dungeon.
You worshipped Qazlal.
Qazlal was exalted by your worship.
You visited 1 branch

Inventory:

Hand Weapons
 c - the +27 heavy crossbow "Sniper" {heavy, Acc+∞ SInv}
   (You found it in the Dungeon)

   Acc+∞: It never misses its target.
   SInv:      It lets you see invisible.
 s - the +16 consecrated labrys (weapon) {holy, Valiant ^Fragile Fly SInv}
   (You found it in the Dungeon)

   Valiant:   It becomes more powerful as more dangerous foes come into view.
   SInv:      It lets you see invisible.
   Fly:       It grants you flight.
   ^Fragile:  It will be destroyed if unequipped.
 C - the +11 Singing Sword {sonic wave}
   (You found it in the Dungeon)
 D - the +8 lance "Wyrmbane" {slay drac, rPois rF+ rC+ AC+3}
   (You found it in the Dungeon)

   AC+3:      It affects your AC (+3).
   rF+:       It protects you from fire.
   rC+:       It protects you from cold.
   rPois:     It protects you from poison.
 E - the +8 mithril axe "Arga" {speed, Will+}
   (You found it in the Dungeon)

   Will+:     It increases your willpower.
Armour
 a - the +1 cloak of Starlight (worn) {*Dazzle EV+4 Stlth--}
   (You found it in the Dungeon)

   *Dazzle:   It may blind those who miss an attack against the wearer in melee
   combat.
   EV+4:      It affects your evasion (+4).
   Stlth--:   It makes you much less stealthy.
 b - +12 gold dragon scales (worn)
 A - the +15 Maxwell's patent armour {-Cast -Tele rElec Will+ rCorr}
   (You found it in the Dungeon)

   rElec:     It insulates you from electricity.
   Will+:     It increases your willpower.
   -Cast:     It prevents spellcasting.
   -Tele:     It prevents most forms of teleportation.
   rCorr:     It protects you from acid and corrosion.
 B - the +18 shield of the Gong (worn) {Loud rN+ Will+ rCorr EV-5}
   (You found it in the Dungeon)

   Loud:      It is deafeningly noisy when blocking attacks.
   EV-5:      It affects your evasion (-5).
   rN+:       It protects you from negative energy.
   Will+:     It increases your willpower.
   rCorr:     It protects you from acid and corrosion.
 U - a +2 pair of gloves of hurling (worn)
Jewellery
 q - a ring of flight
 r - the macabre finger necklace {Finger+ rN+}
   (You found it in the Dungeon)

   [amulet of nothing]

   Finger+:   It enables you to equip an extra ring.
   rN+:       It protects you from negative energy.
 t - an amulet of the acrobat
 u - a +6 ring of intelligence
 v - a +6 ring of strength
 w - a +6 ring of strength (right hand)
 F - the ring "Isitrum" {Fire Dex+2}
   (You took it off a purple draconian in the Dungeon)

   [ring of fire]

   Fire:      It enhances your fire magic.
   Dex+2:     It affects your dexterity (+2).
   rF+:       It protects you from fire.
   rC-:       It makes you vulnerable to cold.
 G - a ring of willpower
 H - a +6 ring of strength
 J - an amulet of reflection (around neck)
 P - the ring "Xijeiw" (left hand) {rC+ Dex+4}
   (You took it off an ancient champion in the Dungeon)

   [ring of protection from cold]

   Dex+4:     It affects your dexterity (+4).
   rC+:       It protects you from cold.
 T - the amulet "Soxa" {RegenMP+ Dex+3 Stlth+}
   (You found it in the Dungeon)

   [amulet of magic regeneration]

   It increases your rate of magic regeneration.
   Dex+3:     It affects your dexterity (+3).
   Stlth+:    It makes you more stealthy.
   RegenMP+:  It increases your rate of magic regeneration.
 V - the ring of Saesonu {rF+ rN++ Int+3}
   (You found it in the Dungeon)

   [ring of protection from fire]

   Int+3:     It affects your intelligence (+3).
   rF+:       It protects you from fire.
   rN++:      It greatly protects you from negative energy.
 W - the ring "Xefiomar" {+Blink rPois rF+ rC+}
   (You found it in the Dungeon)

   [ring of poison resistance]

   rF+:       It protects you from fire.
   rC+:       It protects you from cold.
   rPois:     It protects you from poison.
   +Blink:    It lets you blink.
Wands
 x - a wand of mindburst (54)
 y - a wand of light (38)
 z - a wand of digging (9)
 L - a wand of roots (47)
 O - a wand of flame (71)
 Q - a wand of charming (50)
Scrolls
 k - 7 scrolls of brand weapon
 l - 4 scrolls of amnesia
 m - 7 scrolls of fog
 n - 5 scrolls of identify
 o - a scroll of fear
 p - 3 scrolls of blinking
 N - 4 scrolls of enchant weapon
Potions
 d - 7 potions of might
 e - 10 potions of curing
 f - 9 potions of heal wounds
 g - 7 potions of magic
 h - 2 potions of brilliance
 i - 2 potions of invisibility
 j - 4 potions of resistance
Miscellaneous
 I - a phantom mirror
 K - a phial of floods
 R - a lightning rod (4/4)
 X - a box of beasts
 Z - a tin of tremorstones (2/2)


   Skills:
 O Level 27 Fighting
 - Level 16.5(18.0) Axes
 - Level 12.0(15.7) Polearms
 - Level 25.0 Armour
 - Level 25.0 Dodging
 O Level 27 Shields
 + Level 19.5 Spellcasting
 * Level 18.2 Conjurations
 * Level 23.4 Fire Magic
 O Level 27 Invocations


You had 57 spell levels left.
You didn't know any spells.
Your spell library contained the following spells:

 Spells                   Type           Power      Damage    Failure   Level
 Foxfire                  Conj/Fire      100%       2x1d9     0%          1
 Magic Dart               Conj           100%       1d8       0%          1
 Scorch                   Fire           100%       2d9       0%          2
 Kiss of Death            Conj/Necr      100%       2d13      1%          1
 Shock                    Conj/Air       100%       1d9       1%          1
 Sting                    Conj/Alch      100%       1d9       1%          1
 Searing Ray              Conj           100%       2d8       1%          2
 Dazzling Flash           Conj/Hex       88%        N/A       1%          3
 Inner Flame              Hex/Fire       52%        N/A       1%          3
 Flame Wave               Conj/Fire      70%        2d16      1%          4
 Ignite Poison            Fire/Alch      52%        N/A       1%          4
 Sticky Flame             Fire/Alch      52%        2d9       1%          4
 Summon Blazeheart Golem  Fire/Summ      52%        N/A       1%          4
 Fireball                 Conj/Fire      35%        3d15      1%          5
 Iskenderun's Battlesphe  Conj           65%        2d11      1%          5
 Mephitic Cloud           Conj/Alch/Air  35%        N/A       6%          3
 Brom's Barrelling Bould  Conj/Erth      44%        2d6       6%          4
 Fulminant Prism          Conj/Alch      22%        3d12      6%          4
 Iskenderun's Mystic Bla  Conj/Tloc      44%        2d10      6%          4
 Orb of Destruction       Conj           32%        9d10      12%         7
 Freeze                   Ice            60%        1d7       26%         1
 Necrotise                Necr           60%        1d7       26%         1
 Slow                     Hex            60%        N/A       26%         1
 Summon Small Mammal      Summ           60%        N/A       26%         1
 Plasma Beam              Fire/Air       26%        2x1d38    32%         6
 Cigotuvi's Dreadful Rot  Necr/Alch/Air  30%        N/A       36%         2
 Ensorcelled Hibernation  Hex/Ice        30%        N/A       36%         2
 Jinxbite                 Hex            30%        N/A       36%         2
 Lesser Beckoning         Tloc           30%        N/A       36%         2
 Mercury Vapours          Alch/Air       30%        N/A       36%         2
 Sublimation of Blood     Necr           15%        N/A       36%         2
 Freezing Cloud           Conj/Ice/Air   17%        6-21      52%         5
 Call Canine Familiar     Summ           15%        N/A       61%         3
 Confusing Touch          Hex            15%        N/A       61%         3
 Frozen Ramparts          Ice            30%        1d5       61%         3
 Fugue of the Fallen      Necr           15%        N/A       61%         3
 Gell's Gravitas          Tloc           15%        N/A       61%         3
 Ozocubu's Armour         Ice            15%        N/A       61%         3
 Sigil of Binding         Hex            15%        N/A       61%         3
 Summon Ice Beast         Ice/Summ       15%        N/A       61%         3
 Teleport Other           Tloc           15%        N/A       61%         3
 Tukima's Dance           Hex            15%        N/A       61%         3
 Vampiric Draining        Necr           15%        2d7       61%         3
 Bombard                  Conj/Erth      22%        9d4       67%         6
 Airstrike                Air            7%         2d(2-18)  95%         4
 Anguish                  Hex/Necr       7%         N/A       95%         4
 Animate Armour           Summ/Erth      30%        N/A       95%         4
 Animate Dead             Necr           15%        N/A       95%         4
 Cause Fear               Hex            7%         N/A       95%         4
 Dimensional Bullseye     Hex/Tloc       7%         N/A       95%         4
 Dispel Undead            Necr           15%        3d10      95%         4
 Leda's Liquefaction      Alch/Erth      7%         N/A       95%         4
 Manifold Assault         Tloc           15%        N/A       95%         4
 Olgreb's Toxic Radiance  Alch           15%        N/A       95%         4
 Passage of Golubria      Tloc           15%        N/A       95%         4
 Petrify                  Alch/Erth      15%        N/A       95%         4
 Summon Lightning Spire   Summ/Air       15%        N/A       95%         4
 Spellforged Servitor     Conj/Summ      22%        N/A       99%         7
 Fire Storm               Conj/Fire      35%        8d9       99%         9
 Alistair's Intoxication  Alch           10%        N/A       100%        5
 Borgnjor's Vile Clutch   Necr/Erth      7%         N/A       100%        5
 Lee's Rapid Deconstruct  Erth           7%         3d7*      100%        5
 Metabolic Englaciation   Hex/Ice        7%         N/A       100%        5
 Silence                  Hex/Air        7%         N/A       100%        5
 Summon Forest            Summ/Tloc      7%         N/A       100%        5
 Summon Mana Viper        Hex/Summ       15%        N/A       100%        5
 Yara's Violent Unravell  Hex/Alch       7%         3d5       100%        5
 Death Channel            Necr           7%         N/A       100%        6
 Eringya's Noxious Bog    Alch           7%         4d6       100%        6
 Permafrost Eruption      Ice/Erth       7%         2x4d3     100%        6
 Sculpt Simulacrum        Ice/Alch       7%         N/A       100%        6
 Summon Cactus Giant      Summ           7%         N/A       100%        6
 Enfeeble                 Hex            7%         N/A       100%        7
 Haunt                    Necr/Summ      7%         N/A       100%        7
 Monstrous Menagerie      Summ           7%         N/A       100%        7
 Summon Hydra             Summ           7%         N/A       100%        7
 Infestation              Necr           7%         N/A       100%        8
 Lehudib's Crystal Spear  Conj/Erth      22%        10d6      100%        8
 Chain Lightning          Conj/Air       22%        3d29      100%        9
 Dragon's Call            Summ           7%         N/A       100%        9
 Polar Vortex             Ice            7%         12d1*     100%        9
 Shatter                  Erth           7%         3d10*     100%        9
 Swiftness                Air            Unusable   N/A       N/A         3

Dungeon Overview and Level Annotations

Branches:
Dungeon (1/1)

Altars:
Ashenzari
Cheibriados
Dithmenos
Elyvilon
Fedhas
Gozag
Hepliaklqana
Kikubaaqudgha
Makhleb
Nemelex Xobeh
Okawaru
Qazlal
Ru
Sif Muna
Trog
Uskayaw
Vehumet
Wu Jian
Xom
Yredelemnul
Zin
The Shining One
Beogh
Jiyva
Lugonu

Annotations:
D Asmodeus, Azrael, Blork the orc, Cerebov, Dowan, Ereshkigal, Frederick, Gastronok, Geryon, Ilsuiw, Mara, Mennas, Pikel, Royal Jelly, Sigmund, Tiamat, Xtahua, the Enchantress


Innate Abilities, Weirdness & Mutations

You cannot be hasted, slowed, berserked, paralysed or teleported.
You can dig through walls and to a lower floor.
You have a pair of large antennae on your head. (SInv)
Your four strong arms can wield two-handed weapons with a shield.


Message History

You catch the helpless Ereshkigal completely off-guard!
You slash Ereshkigal!
Ereshkigal convulses.
You slice Sonja!!
You kill Sonja!
Qazlal accepts your kill.
You hit Asmodeus but do no damage. You hit the Tzitzimitl.
The Tzitzimitl convulses.
You slice the Tzitzimitl!!
The Tzitzimitl convulses!!
The quicksilver ooze is engulfed in blazing flames. x2
You block Ereshkigal's attack.
Mennas is engulfed in a thunderstorm.
You block the Tzitzimitl's attack. x2; Dowan is engulfed in blazing flames.
The Brimstone Fiend calls on the powers of darkness!
Blork the orc convulses!
The quicksilver ooze convulses!
The Royal Jelly convulses!
The quicksilver ooze convulses!
The acid blob convulses!
The Enchantress convulses!
Pikel convulses!
Sigmund convulses!
Frederick convulses!
Xtahua convulses!
The quicksilver ooze convulses!
The acid blob convulses!
The quicksilver ooze convulses! x2; Tiamat convulses!
Ilsuiw convulses!
Mennas convulses!
The rockslime convulses!
The quicksilver ooze convulses!
Your body is wracked with pain!
* * * LOW HITPOINT WARNING * * *
Dowan convulses!
The quicksilver ooze convulses!
The Royal Jelly shudders alarmingly.
The Royal Jelly spits out five more jellies.
Ilsuiw hits you but does no damage.
Cerebov hits you with the +6 sword of Cerebov!!
* * * LOW HITPOINT WARNING * * *
Cerebov burns you.
* * * LOW HITPOINT WARNING * * *
Asmodeus hits you but does no damage.
The azure jelly quivers. x2; The quicksilver ooze quivers.
You slash Cerebov!
Cerebov convulses!
Cerebov is heavily wounded.
You barely miss Asmodeus. You slash the Tzitzimitl!
The Tzitzimitl convulses!
You barely miss the Tzitzimitl. You slice the quicksilver ooze!!
You kill the quicksilver ooze!
That felt strangely unrewarding.
You slice Ereshkigal!!
Ereshkigal convulses!!
You hit Dowan but do no damage.
Ereshkigal gestures.
You block the Tzitzimitl's attack. x2
Cerebov hits you with the +6 sword of Cerebov!!
You die...

..▓
.....°○☼.........▓
..▓
.▓..........▓....▓
..▓
.....JJJ.........▓
..▓
.......JJ1.......▓
..▓
......JKJJ2Jo.....▓
..▓
.......JiD@@J.....▓
..▓
.......J2&JdmA.○..▓
..▓
..▓.....JJ&1&▓....▓
.
........R2&@e°....▓
.........○11○.....▓
..........§.°.....▓
.......©..........▓
▓▓▓▓▓▓▓▓▓▓▓▓▓▓▓▓▓▓▓


You could see Cerebov (fast, unsilenced), Asmodeus (clouds, unsilenced), Tiamat
(unsilenced), Ereshkigal (silencing, unsilenced, blind, unable to see you),
Geryon, Xtahua, the Royal Jelly, Frederick, Ilsuiw, Mennas, 3 Tzitzimimeh, 3
acid blobs, a Brimstone Fiend (summoned, unsilenced), the Enchantress (repels
missiles), Azrael (unsilenced), 2 azure jellies, 3 balrugs, 2 rockslimes, 7
quicksilver oozes, Pikel, Blork the orc, Sigmund (invisible) and Dowan.

Vanquished Creatures
  An ancient lich (D)
  A dread lich (D)
  A royal mummy (D)
  A bone dragon (D)
  A Hell Sentinel (D)
  7 hellephants (D)
  3 Brimstone Fiends (D)
  5 deep elf blademasters (D)
  10 searing wretches (D)
  4 deep elf master archers (D)
  7 acid blobs (D)
  A shadow dragon (D)
  8 ancient champions (D)
  A tentacled starspawn (D)
  5 storm dragons (D)
  3 azure jellies (D)
  5 rockslimes (D)
  A fire giant (D)
  A draconian knight (D)
  A deep elf sorcerer (D)
  2 draconian monks (D)
  A draconian shifter (D)
  A quicksilver elemental (D)
  3 draconian scorchers (D)
  3 ghost moths (D)
  12 balrugs (D)
  2 iron dragons (D)
  2 ghouls (D)
  2 quicksilver oozes (D)
  A draconian annihilator (D)
  4 draconian stormcallers (D)
  An ironbound thunderhulk (D)
  8 green draconians (D)
  A vampire knight (D)
  A deep elf demonologist (D)
  4 deep elf annihilators (D)
  3 red draconians (D)
  5 war gargoyles (D)
  10 yellow draconians (D)
  4 dire elephants (D)
  A spark wasp (D)
  6 white draconians (D)
  12 purple draconians (D)
  6 black draconians (D)
  A mummy priest (D)
  3 deep elf high priests (D)
  An entropy weaver (D)
  2 rakshasas (D)
  A jorogumo (D)
  5 great orbs of eyes (D)
  11 vault guards (D)
  A centaur warrior (D)
  2 spriggan air magi (D)
  A stoker (D)
  4 hydras (D)
  4 dancing weapons (D)
  A two-headed ogre (D)
  A demonic crawler (D)
  6 thrashing horrors (D)
  4 vampire magi (D)
  A death scarab (D)
  A deep elf knight (D)
  A hell hog (D)
  Sonja (D)
  3 skysharks (D)
  3 soul eaters (D)
  5 wretched stars (D)
  A skeletal warrior (D)
  2 pharaoh ants (D)
  3 glowing orange brains (D)
  An orb spider (D)
  6 deep elf archers (D)
  A sun moth (D)
  A flayed ghost (D)
  2 steelbarb worms (D)
  3 thermic dynamos (D)
  4 deep elf zephyrmancers (D)
  An ironbound convoker (D)
  2 necromancers (D)
  6 deep elf pyromancers (D)
  2 shining eyes (D)
  2 wolf spiders (D)
  A meliai (D)
  2 moths of wrath (D)
  A black mamba (D)
  2 elephants (D)
  5 eyes of devastation (D)
  2 smoke demons (D)
  10 cane toads (D)
  A torpor snail (D)
  An orange demon (D)
  7 large abominations (D)
  4 hellions (D)
  5 komodo dragons (D)
  2 tormentors (D)
  A yaktaur (D)
  An ancient zyme (D)
  A guardian mummy (D)
  2 trolls (D)
  2 polar bears (D)
  3 wind drakes (D)
  Prince Ribbit (D)
  2 raiju (D)
  2 glass eyes (D)
  3 hornets (D)
  30 slime creatures (D)
  A jumping spider (D)
  2 shadows (D)
  A wraith (D)
  11 air elementals (D)
  2 yaks (D)
  A fire bat (D)
  2 neqoxecs (D)
  3 golden eyes (D)
  4 starcursed masses (D)
  A basilisk (D)
  2 chaos spawn (D)
  2 redbacks (D)
  3 water moccasins (D)
  Pargi (D)
  A laughing skull (D)
  2 orc warriors (D)
  An ogre (D)
  7 small abominations (D)
  2 wolves (D)
  A brain worm (D)
  A bullfrog (D)
  2 earth elementals (D)
  A wight (D)
  A crimson imp (D)
  2 quasits (D)
  14 jellies (D)
  2 orc priests (D)
  3 iron imps (D)
  An iguana (D)
  4 orc wizards (D)
  4 mummies (D)
  A shadow imp (D)
  A white imp (D)
  2 ufetubi (D)
  3 adder zombies (D)
  3 adder skeletons (D)
  2 spectral bats (D)
  3 bat skeletons (D)
  2 bat zombies (D)
  An endoplasm (D)
  A jackal (D)
  A ball python simulacrum (D)
  A ball python skeleton (D)
  4 ball python zombies (D)
  A giant cockroach zombie (D)
  3 quokka skeletons (D)
  2 quokka zombies (D)
  A spectral giant cockroach (D)
  A creeping inferno (D)
  7 fire vortices (D)
  A lurking horror (D)
479 creatures vanquished.

Vanquished Creatures (collateral kills)
  2 iron golems (D)
2 creatures vanquished.

Grand Total: 481 creatures vanquished

Notes
Turn   | Place    | Note
-------+----------+-------------------------------------------
     0 | D        | garrulousMonolith the Formicid Fighter began the quest for
                  | the Orb.
     0 | D        | Reached XP level 1. HP: 18/18 MP: 1/1
     0 | D        | Found a shimmering blue altar of Sif Muna.
     0 | D        | Found a sacrificial altar of Ru.
     0 | D        | Found a bloodstained altar of Trog.
     0 | D        | Found a stormy altar of Qazlal.
     0 | D        | Found an iron altar of Okawaru.
     0 | D        | Found a sparkling altar of Nemelex Xobeh.
     0 | D        | Found a blossoming altar of Fedhas.
     0 | D        | Found the +6 Majin-Bo {spellvamp, MP+6 Int+6}
     0 | D        | Found the +27 heavy crossbow "Sniper" {heavy, Acc+∞ SInv}
     0 | D        | Found the +10 dark maul {heavy}
     0 | D        | Found the +15 Maxwell's patent armour {-Cast -Tele rElec
                  | Will+ rCorr}
     0 | D        | Found the +18 shield of the Gong {Loud rN+ Will+ rCorr
                  | EV-5}
     0 | D        | Found the +16 obsidian axe {drain, demonic, Mesm ^Drain Fly
                  | SInv}
     0 | D        | Found the +7 great mace "Firestarter" {flame, immolate,
                  | rFlCloud rF++}
     0 | D        | Found the +6 shillelagh "Devastator" {shatter}
     0 | D        | Found the +11 plutonium sword {^Contam Stlth-}
     0 | D        | Found the +8 lance "Wyrmbane" {slay drac, rPois rF+ rC+
                  | AC+3}
     0 | D        | Found the +9 sword of Zonguldrok {reap}
     0 | D        | Found the +13 scythe of Curses {drain, curses, ^Drain}
     0 | D        | Found the +9 sword of Power {lifebolt}
     0 | D        | Found the +7 mace of Variability {chaos, chaos arc}
     0 | D        | Found the +11 Singing Sword {sonic wave}
     0 | D        | Found the +8 storm bow {elec, penet}
     2 | D        | Found a transporter.
     2 | D        | Found an ancient bone altar of Kikubaaqudgha.
     2 | D        | Found a viscous altar of Jiyva.
     2 | D        | Found a corrupted altar of Lugonu.
     2 | D        | Found a hazy altar of Hepliaklqana.
     2 | D        | Found a burning altar of Makhleb.
     2 | D        | Found an opulent altar of Gozag.
   106 | D        | Became a worshipper of Qazlal Stormbringer
   121 | D        | Entered arena 2.
   121 | D        | Noticed an orc priest
   121 | D        | Noticed an orc wizard
   121 | D        | Found a transporter.
   124 | D        | Killed an orc wizard
   125 | D        | Reached XP level 2. HP: 11/24 MP: 1/6
   125 | D        | Reached XP level 3. HP: 13/29 MP: 1/7
   133 | D        | Reached XP level 4. HP: 18/35 MP: 1/10
   204 | D        | Got Vv's Incunable of the Torch and Refrigeration
   209 | D        | Entered arena 3.
   209 | D        | Found a transporter.
   215 | D        | Reached * piety under Qazlal
   233 | D        | Entered arena 4.
   233 | D        | Noticed a troll
   233 | D        | Noticed a two-headed ogre
   233 | D        | Noticed an ogre
   233 | D        | Noticed a troll
   233 | D        | Found a transporter.
   234 | D        | Reached skill level 15 in Invocations
   234 | D        | Reached XP level 5. HP: 41/41 MP: 11/15
   250 | D        | Killed a two-headed ogre
   250 | D        | Reached ** piety under Qazlal
   251 | D        | Reached XP level 6. HP: 33/47 MP: 13/18
   251 | D        | Reached XP level 7. HP: 36/52 MP: 14/20
   251 | D        | Reached XP level 8. HP: 40/58 MP: 14/21
   253 | D        | Killed a troll
   254 | D        | Killed a troll
   261 | D        | Got the Anthology of Destruction and the Welkin
   316 | D        | Entered arena 5.
   316 | D        | Found a transporter.
   318 | D        | Reached *** piety under Qazlal
   335 | D        | Entered arena 6.
   335 | D        | Noticed an air elemental
   335 | D        | Noticed an air elemental
   335 | D        | Noticed an air elemental
   335 | D        | Noticed an air elemental
   335 | D        | Noticed an air elemental
   335 | D        | Found a transporter.
   336 | D        | Killed an air elemental
   336 | D        | Reached **** piety under Qazlal
   336 | D        | Killed an air elemental
   336 | D        | Killed an air elemental
   336 | D        | Killed an air elemental
   337 | D        | Reached XP level 9. HP: 59/64 MP: 19/24
   361 | D        | Entered arena 7.
   361 | D        | Noticed a deep elf zephyrmancer
   361 | D        | Noticed a deep elf pyromancer
   361 | D        | Noticed a deep elf zephyrmancer
   361 | D        | Noticed a +0 halberd of protection
   361 | D        | Noticed a deep elf demonologist
   362 | D        | Found a transporter.
   363 | D        | Reached ***** piety under Qazlal
   364 | D        | Noticed a hellwing
   364 | D        | Killed a deep elf zephyrmancer
   364 | D        | Killed a deep elf pyromancer
   365 | D        | Reached XP level 10. HP: 49/70 MP: 24/26
   365 | D        | Noticed a rust devil
   365 | D        | Killed a deep elf demonologist
   365 | D        | Killed a deep elf zephyrmancer
   365 | D        | Killed a +0 halberd of protection
   366 | D        | Reached skill level 27 in Invocations
   463 | D        | Entered arena 8.
   465 | D        | Reached skill level 1 in Dodging
   489 | D        | Found a transporter.
   504 | D        | Entered arena 9.
   504 | D        | Noticed an ironbound convoker
   504 | D        | Noticed a yaktaur
   504 | D        | Noticed a vault guard
   504 | D        | Noticed an ironbound thunderhulk
   504 | D        | Noticed a vault guard
   504 | D        | Noticed a centaur warrior
   505 | D        | Found a transporter.
   506 | D        | Killed an ironbound convoker
   506 | D        | Killed a vault guard
   506 | D        | Killed a yaktaur
   506 | D        | Killed a centaur warrior
   506 | D        | Killed a vault guard
   506 | D        | Killed an ironbound thunderhulk
   507 | D        | Reached XP level 11. HP: 83/83 MP: 19/28
   656 | D        | Got Sif Muna's Essays on the Twisted Mob
   659 | D        | Got the +1 cloak "Curupis" {Int+3 Dex+3}
   681 | D        | Entered arena 10.
   681 | D        | Noticed a mummy priest
   681 | D        | Noticed a death scarab
   681 | D        | Noticed a royal mummy
   682 | D        | Killed a mummy priest
   682 | D        | Reached ****** piety under Qazlal
   682 | D        | Killed a death scarab
   682 | D        | Killed a royal mummy
   683 | D        | Reached skill level 10 in Polearms
   683 | D        | Reached skill level 10 in Shields
   683 | D        | Reached XP level 12. HP: 54/94 MP: 20/29
   798 | D        | Found a transporter.
   814 | D        | Entered arena 11.
   853 | D        | Found a transporter.
   866 | D        | Got the amulet of Resumed Hostilities {Spirit rF- rN++
                  | Int+4}
   871 | D        | Entered arena 12.
   871 | D        | Noticed a vault guard
   871 | D        | Noticed a vault guard
   871 | D        | Noticed a vault guard
   871 | D        | Noticed a vault guard
   871 | D        | Noticed a vault guard
   871 | D        | Noticed a vault guard
   871 | D        | Noticed a shadow dragon
   871 | D        | Noticed a vault guard
   872 | D        | Killed a vault guard
   872 | D        | Killed a vault guard
   872 | D        | Killed a vault guard
   872 | D        | Killed a vault guard
   872 | D        | Killed a vault guard
   872 | D        | Killed a vault guard
   872 | D        | Killed a vault guard
   872 | D        | Killed a vault guard
   872 | D        | Killed a shadow dragon
   872 | D        | Killed a vault guard
   873 | D        | Reached XP level 13. HP: 106/106 MP: 21/30
   914 | D        | Found a transporter.
   923 | D        | Got the Essays on Fascination
   939 | D        | Entered arena 13.
   977 | D        | Found a transporter.
  1011 | D        | Entered arena 14.
  1011 | D        | Noticed a deep elf blademaster
  1012 | D        | Noticed a deep elf annihilator
  1012 | D        | Identified the staff "Qoninass" {Fly rC+ Ice}
  1012 | D        | Noticed a deep elf annihilator
  1012 | D        | Identified the +1 hand axe of Victory {freeze, *Corrode
                  | rElec rF+ SInv}
  1013 | D        | Killed a deep elf blademaster
  1013 | D        | Killed a deep elf annihilator
  1013 | D        | Killed a deep elf annihilator
  1014 | D        | Reached skill level 15 in Shields
  1050 | D        | Found a transporter.
  1086 | D        | Entered arena 15.
  1086 | D        | Noticed a storm dragon
  1086 | D        | Noticed a storm dragon
  1087 | D        | Noticed a storm dragon
  1087 | D        | Noticed a spriggan air mage
  1087 | D        | Noticed a storm dragon
  1087 | D        | Noticed a storm dragon
  1087 | D        | Noticed a spriggan air mage
  1088 | D        | Killed a spriggan air mage
  1088 | D        | Killed a spriggan air mage
  1088 | D        | Killed a storm dragon
  1088 | D        | Killed a storm dragon
  1088 | D        | Killed a storm dragon
  1088 | D        | Killed a storm dragon
  1088 | D        | Killed a storm dragon
  1089 | D        | Reached skill level 15 in Fighting
  1089 | D        | Reached XP level 14. HP: 123/123 MP: 22/31
  1130 | D        | Found a transporter.
  1155 | D        | Entered arena 16.
  1155 | D        | Noticed an azure jelly
  1158 | D        | Killed an azure jelly
  1159 | D        | Reached skill level 15 in Armour
  1195 | D        | Found a transporter.
  1217 | D        | Got the staff "Asmes" {rElec rF+ rCorr Int+2 Hexes Fire}
  1224 | D        | Entered arena 17.
  1226 | D        | Noticed a vampire knight
  1226 | D        | Identified the +4 leather armour of the Ornamental God
                  | {Harm rElec rPois Will-}
  1227 | D        | Noticed an ancient lich
  1227 | D        | Noticed a ghoul
  1227 | D        | Identified the amulet of a Thousand Ears {Spirit rF++}
  1228 | D        | Killed a ghoul
  1228 | D        | Killed an ancient lich
  1228 | D        | Killed a vampire knight
  1230 | D        | Found a transporter.
  1269 | D        | Got the Exposition on the Impact
  1276 | D        | Got the Compilation of Calescent Skeletons
  1295 | D        | Entered arena 18.
  1298 | D        | Noticed a ghoul
  1298 | D        | Found the +1 cloak of Starlight {*Dazzle EV+4 Stlth--}
  1299 | D        | Killed a ghoul
  1336 | D        | Found a transporter.
  1391 | D        | Entered arena 19.
  1393 | D        | Noticed a rockslime
  1394 | D        | Noticed a rockslime
  1395 | D        | Killed a rockslime
  1395 | D        | Killed a rockslime
  1396 | D        | Reached XP level 15. HP: 135/135 MP: 23/32
  1397 | D        | Found the macabre finger necklace {Finger+ rN+}
  1448 | D        | Found a transporter.
  1472 | D        | Got the amulet of the Queen {-Cast +Blink Regen+ rCorr
                  | Stlth-}
  1483 | D        | Entered arena 20.
  1487 | D        | Noticed an ancient champion
  1487 | D        | Noticed an ancient champion
  1487 | D        | Noticed an ancient champion
  1487 | D        | Noticed an iron dragon
  1487 | D        | Identified the ring "Xijeiw" {rC+ Dex+4}
  1487 | D        | Noticed an ancient champion
  1487 | D        | Noticed an ancient champion
  1487 | D        | Noticed an iron dragon
  1488 | D        | Noticed an ancient champion
  1488 | D        | Noticed an ancient champion
  1488 | D        | Noticed a Hell Sentinel
  1488 | D        | Noticed an ancient champion
  1488 | D        | Noticed a quicksilver elemental
  1490 | D        | Reached skill level 15 in Dodging
  1490 | D        | Killed an ancient champion
  1490 | D        | Killed an ancient champion
  1490 | D        | Killed a quicksilver elemental
  1490 | D        | Killed an iron dragon
  1490 | D        | Killed an ancient champion
  1490 | D        | Killed an ancient champion
  1490 | D        | Killed an ancient champion
  1490 | D        | Killed an ancient champion
  1490 | D        | Killed an ancient champion
  1490 | D        | Killed an ancient champion
  1490 | D        | Killed an iron dragon
  1504 | D        | Killed a Hell Sentinel
  1524 | D        | Found a transporter.
  1742 | D        | Entered arena 21.
  1746 | D        | Noticed a ghost moth
  1747 | D        | Killed a ghost moth
  1747 | D        | Noticed a ghost moth
  1748 | D        | Reached XP level 16. HP: 150/150 MP: 17/33
  1750 | D        | Found the +4 consecrated labrys {holy, Valiant ^Fragile Fly
                  | SInv}
  1890 | D        | Found a transporter.
  2015 | D        | Got the ring "Notueh" {rElec rN++ AC+4 Str-4 Int+3}
  2040 | D        | Entered arena 22.
  2043 | D        | Noticed a deep elf master archer
  2043 | D        | Noticed a deep elf blademaster
  2044 | D        | Noticed a deep elf blademaster
  2044 | D        | Noticed a deep elf blademaster
  2044 | D        | Noticed a deep elf sorcerer
  2044 | D        | Noticed a deep elf master archer
  2045 | D        | Killed a deep elf blademaster
  2045 | D        | Killed a deep elf master archer
  2045 | D        | Killed a deep elf master archer
  2045 | D        | Killed a deep elf sorcerer
  2045 | D        | Killed a deep elf blademaster
  2045 | D        | Killed a deep elf blademaster
  2045 | D        | Killed a deep elf master archer
  2045 | D        | Noticed a deep elf blademaster
  2045 | D        | Identified the +6 morningstar "Ujujawuq" {holy, rCorr
                  | Dex+3}
  2045 | D        | Killed a deep elf master archer
  2048 | D        | Found a transporter.
  2054 | D        | Killed a deep elf blademaster
  2185 | D        | Got Mied's Almanac of Wildfire
  2205 | D        | Entered arena 23.
  2211 | D        | Found the +8 mithril axe "Arga" {speed, Will+}
  2213 | D        | Reached XP level 17. HP: 162/162 MP: 25/34
  2217 | D        | Found a transporter.
  2256 | D        | Got the amulet "Soxa" {RegenMP+ Dex+3 Stlth+}
  2277 | D        | Got the ring of Saesonu {rF+ rN++ Int+3}
  2302 | D        | Got the Omnibus of Momentum
  2307 | D        | Got Sif Muna's Encyclopedia of the Chill
  2318 | D        | Got Jaad's Handbook of Tropical Jinxing
  2356 | D        | Entered arena 24.
  2361 | D        | Noticed a Brimstone Fiend
  2361 | D        | Noticed a hellephant
  2361 | D        | Noticed a searing wretch
  2361 | D        | Noticed a hellephant
  2361 | D        | Noticed a searing wretch
  2361 | D        | Noticed a hellephant
  2362 | D        | Noticed a searing wretch
  2362 | D        | Noticed a searing wretch
  2362 | D        | Noticed a searing wretch
  2362 | D        | Noticed a searing wretch
  2362 | D        | Noticed a Brimstone Fiend
  2362 | D        | Noticed a searing wretch
  2362 | D        | Noticed a searing wretch
  2362 | D        | Noticed a hellephant
  2362 | D        | Noticed a searing wretch
  2363 | D        | Killed a Brimstone Fiend
  2363 | D        | Killed a searing wretch
  2363 | D        | Killed a Brimstone Fiend
  2363 | D        | Noticed a hellephant
  2363 | D        | Identified the amulet of Luafucs {Regen+ Str+5}
  2364 | D        | Reached skill level 27 in Shields
  2364 | D        | Killed a hellephant
  2364 | D        | Killed a searing wretch
  2364 | D        | Killed a searing wretch
  2364 | D        | Killed a hellephant
  2364 | D        | Killed a searing wretch
  2364 | D        | Killed a searing wretch
  2364 | D        | Killed a hellephant
  2364 | D        | Killed a searing wretch
  2365 | D        | Noticed a hellephant
  2365 | D        | Killed a searing wretch
  2365 | D        | Killed a searing wretch
  2365 | D        | Killed a searing wretch
  2366 | D        | Noticed a hellephant
  2367 | D        | Noticed a searing wretch
  2367 | D        | Noticed a Brimstone Fiend
  2368 | D        | Found a transporter.
  2371 | D        | Reached XP level 18. HP: 122/181 MP: 11/35
  2371 | D        | Killed a searing wretch
  2371 | D        | Killed a Brimstone Fiend
  2371 | D        | Killed a hellephant
  2371 | D        | Killed a hellephant
  2372 | D        | Reached skill level 27 in Fighting
  2372 | D        | Reached skill level 1 in Fire Magic
  2377 | D        | Killed a hellephant
  2383 | D        | Killed a hellephant
  2384 | D        | Reached skill level 5 in Spellcasting
  2384 | D        | Reached skill level 5 in Fire Magic
  2548 | D        | Got the Secrets of the Tenebrous Deep Freeze
  2600 | D        | Entered arena 25.
  2605 | D        | Noticed an acid blob
  2606 | D        | Noticed an acid blob
  2606 | D        | Noticed an acid blob
  2606 | D        | Noticed an acid blob
  2607 | D        | Noticed an acid blob
  2607 | D        | Noticed an acid blob
  2608 | D        | Noticed an acid blob
  2609 | D        | Killed an acid blob
  2609 | D        | Killed an acid blob
  2609 | D        | Killed an acid blob
  2609 | D        | Killed an acid blob
  2609 | D        | Killed an acid blob
  2609 | D        | Killed an acid blob
  2609 | D        | Killed an acid blob
  2616 | D        | Found the +1 eveningstar "Brilliance" {foul flame, Umbra}
  2679 | D        | Found a transporter.
  2686 | D        | Got the Commentary on Congregated Spellbinding
  2722 | D        | Entered arena 26.
  2731 | D        | Noticed a dread lich
  2732 | D        | Noticed a bone dragon
  2733 | D        | Reached skill level 15 in Spellcasting
  2733 | D        | Killed a dread lich
  2734 | D        | Reached XP level 19. HP: 103/189 MP: 20/38
  2736 | D        | Found a transporter.
  2740 | D        | Reached skill level 10 in Conjurations
  2741 | D        | Killed a bone dragon
  3044 | D        | Found the ring of the Hare {EV+10}
  3057 | D        | Got the ring "Xefiomar" {+Blink rPois rF+ rC+}
  3073 | D        | Entered arena 27.
  3081 | D        | Identified the ring of Amelioration {rF- MP+9 Str+4 Dex+4}
  3082 | D        | Identified the amulet "Eclod" {Spirit rF+ Regen+ Dex+4}
  3082 | D        | Identified the ring "Isitrum" {Fire Dex+2}
  3083 | D        | Identified the +2 morningstar "Rimninn" {venom, Dex+3}
  3084 | D        | Identified the ring "Quobb" {Fly rElec Will++ Str-3}
  3086 | D        | Identified the orb of Mumblety Peg {*channel, +Blink rF-
                  | Stlth+ Necro}
  3317 | D        | Found a transporter.
  3372 | D        | Entered arena 28.
  3379 | D        | Found the +6 sword of Cerebov {flame}
  3379 | D        | Noticed Cerebov
  3379 | D        | Noticed Ereshkigal
  3380 | D        | Found the +13 sceptre of Asmodeus
  3380 | D        | Noticed Asmodeus
  3380 | D        | Noticed Ilsuiw
  3380 | D        | Noticed Pikel
  3380 | D        | Noticed Pargi
  3380 | D        | Noticed Geryon
  3381 | D        | Noticed Azrael
  3381 | D        | Noticed Sigmund
  3381 | D        | Noticed Blork the orc
  3381 | D        | Noticed Prince Ribbit
  3381 | D        | Noticed the Enchantress
  3381 | D        | Identified the +9 quarterstaff of Zaneitit {freeze, Will+}
  3381 | D        | Found the +4 dragonskin cloak {Aegis}
  3381 | D        | Noticed Tiamat
  3381 | D        | Noticed Mara
  3381 | D        | Noticed Dowan
  3381 | D        | Noticed Xtahua
  3381 | D        | Identified the orb "Xodop" {*channel, Str+4}
  3381 | D        | Noticed Frederick
  3381 | D        | Noticed Gastronok
  3383 | D        | Noticed a Brimstone Fiend
  3391 | D        | Identified the ring "Ostoruref" {rPois Will+ SInv Stlth+}
  3391 | D        | Noticed Sonja
  3392 | D        | Noticed a Tzitzimitl
  3392 | D        | Noticed a Brimstone Fiend
  3393 | D        | Killed Prince Ribbit
  3394 | D        | Noticed a Tzitzimitl
  3394 | D        | Noticed the Royal Jelly
  3394 | D        | Identified the +9 shortbow of Mosig {flame, rC+}
  3394 | D        | Noticed Mennas
  3397 | D        | Killed Pargi
  3401 | D        | Killed Sonja
  3401 | D        | HP: 7/183 [Cerebov/the +6 sword of Cerebov {flame} (27)]
  3402 | D        | Annihilated by Cerebov

Illustrated notes

Levels and vault maps discovered:
D:        sprint_v [room_start, room_1, room_2, room_3, room_4, room_5, room_6,
          room_7, room_8, room_9, room_10, room_11, room_12, room_13, room_14,
          room_15, room_16, room_17, room_18, room_19, room_20, room_21,
          room_22, room_23, room_24, room_25, room_26, room_27]

Skill      XL: |  1  2  3  4  5  6  7  8  9 10 11 12 13 14 15 16 17 18 19 |
---------------+----------------------------------------------------------+-----
Invocations    | 6 8 15 19 22 25 27 | 27.0
Polearms       | 7 10 12 | 12.0
Dodging        | 4 6 9 12 14 19 21 24 25 | 25.0
Fighting       | 6 8 11 15 17 20 22 26 27 | 27.0
Armour         | 6 8 11 14 17 20 22 25 | 25.0
Shields        | 7 10 13 17 20 24 26 27 | 27.0
Axes           | 16 | 16.5
Spellcasting   | 15 19 | 19.5
Fire Magic     | 17 23 | 23.4
Conjurations   | 9 18 | 18.2

Action                     |  1- 3 |  4- 6 |  7- 9 | 10-12 | 13-15 | 16-18 | 19-21 || total
---------------------------+-------+-------+-------+-------+-------+-------+-------++-------
  Melee: Lance             |    10 |    19 |       |       |    32 |     4 |       ||    65
         Double sword      |       |     1 |    10 |       |       |       |       ||    11
         Labrys            |       |       |       |       |       |    35 |    28 ||    63
 Invoke: Upheaval          |       |       |     1 |       |     2 |       |       ||     3
         Disaster Area     |       |       |       |     6 |    10 |    12 |     3 ||    31
         Elemental Force   |       |       |       |       |     1 |       |       ||     1
Ability: Dig               |       |       |       |       |     1 |       |       ||     1
    Use: Potion            |       |     3 |       |       |       |       |     3 ||     6
         Scroll            |       |     1 |       |       |       |     8 |       ||     9
   Stab: Distracted        |       |       |       |       |     4 |       |       ||     4
         Invisible         |       |       |       |       |       |       |     1 ||     1
 Armour: Plate armour      |     1 |    35 |    22 |       |       |       |       ||    58
         Gold dragon scale |       |       |       |       |     5 |    31 |    32 ||    68
  Dodge: Dodged            |       |     2 |       |       |     3 |    12 |    17 ||    34
         Repelled          |       |       |     1 |       |     1 |     7 |    13 ||    22
  Block: Kite shield       |    12 |    48 |    20 |     2 |    24 |    81 |    70 ||   257
         Reflection        |       |       |       |     2 |       |     9 |     4 ||    15

Table legend: (Time is in decaauts)
 A = Elapsed time spent in this place.
 B = Non-inter-level travel time spent in this place.
 C = Inter-level travel time spent in this place.
 D = Time resting spent in this place.
 E = Time spent auto-exploring this place.
 F = Levels seen in this place.
 G = Mean time per level.
                   A        B        C        D        E       F      G
               +--------+--------+--------+--------+--------+-----+--------+
         Total |   3370 |   3370 |      0 |   1603 |    508 |   1 | 3370.0 |
       Dungeon |   3370 |   3370 |      0 |   1603 |    508 |   1 | 3370.0 |
               +--------+--------+--------+--------+--------+-----+--------+

Top non-repeatable levels by time:
       D: 3370 daAuts
